 Dungeon Crawl Stone Soup version 0.20.0-15-g7f486f2 (webtiles) character file.

5368 JohnnyMnemonic the Severer (level 10, 0/83 HPs)
             Began as a Hill Orc Fighter on June 24, 2017.
             Was a Priest of Beogh.
             Slain by Erica
             ... wielding a +0 scimitar of flaming
              (11 damage)
             ... on level 9 of the Dungeon.
             The game lasted 00:12:40 (10285 turns).

JohnnyMnemonic the Severer (Hill Orc Fighter)      Turns: 10285, Time: 00:12:41

Health: 0/83       AC: 10    Str: 23      XL:     10   Next: 65%
Magic:  15/15      EV:  7    Int:  8      God:    Beogh [***...]
Gold:   549        SH:  9    Dex: 12 (13) Spells: 9/9 levels left

rFire    + . .     SeeInvis .   a - +0 war axe
rCold    . . .     Gourm    .   c - +0 shield
rNeg     . . .     Faith    .   b - +0 scale mail
rPois    .         Spirit   .   (no helmet)
rElec    .         Reflect  .   (no cloak)
rCorr    .         Harm     .   p - +2 pair of gloves
MR       .....                  (no boots)
Stlth    ..........             S - amulet of regeneration
Regen    0.7/turn               w - ring of protection from fire
MPRegen  0.2/turn               N - +3 ring of dexterity

@: lethally poisoned (0 -> -7), slowed, studying Throwing, very slow
A: no striking features
a: Smiting, Renounce Religion


You were on level 9 of the Dungeon.
You worshipped Beogh.
Beogh was most pleased with you.
You were not hungry.

You visited 1 branch of the dungeon, and saw 9 of its levels.
You also visited: Ossuary.

You collected 549 gold pieces.

Inventory:

Hand Weapons
 a - a +0 war axe (weapon)
 y - a +0 hand crossbow
Armour
 b - a +0 scale mail (worn)
 c - a +0 shield (worn)
 p - a +2 pair of gloves (worn)
Jewellery
 u - an uncursed ring of ice
 w - a ring of protection from fire (left hand)
 x - an uncursed ring of resist corrosion
 z - an uncursed ring of flight
 I - an uncursed ring of stealth
 N - a +3 ring of dexterity (right hand)
 S - an amulet of regeneration (around neck)
Wands
 G - a wand of polymorph (22/24)
 O - a wand of digging (13/24)
Scrolls
 e - a scroll of amnesia {unknown}
 h - 2 scrolls of enchant armour
 l - a scroll of brand weapon {unknown}
 n - 9 scrolls of teleportation
 o - 4 scrolls of remove curse
 q - 3 scrolls of blinking
 r - a scroll of enchant weapon {unknown}
 t - a scroll of fear
 A - a scroll of summoning {unknown}
 C - a scroll of noise {unknown}
 F - 5 scrolls of identify
 J - 2 scrolls of magic mapping {unknown}
 M - 2 scrolls of immolation {unknown}
 T - a scroll of random uselessness {unknown}
 V - a scroll of recharging {unknown}
Potions
 i - 3 potions of magic
 j - 5 potions of flight
 k - a potion of invisibility
 s - a potion of brilliance {unknown}
 v - a potion of ambrosia
 B - a potion of cancellation {unknown}
 D - 2 potions of haste {unknown}
 E - a potion of agility {unknown}
 H - a potion of berserk rage {unknown}
 L - a potion of lignification {unknown}
 P - a potion of heal wounds {unknown}
 Q - 2 potions of degeneration {unknown}
 R - a potion of resistance {unknown}
 X - a potion of might
Books
 d - a book of Changes

   Spells                             Type                      Level
   a - Beastly Appendage              Transmutation                1
   b - Sticks to Snakes               Transmutation                2
   c - Spider Form                    Transmutation/Poison         3
   d - Ice Form                       Ice/Transmutation            4
   e - Blade Hands                    Transmutation                5
 K - a book of Minor Magic

   Spells                             Type                      Level
   a - Magic Dart                     Conjuration                  1
   b - Blink                          Translocation                2
   c - Call Imp                       Summoning                    2
   d - Slow                           Hexes                        2
   e - Conjure Flame                  Conjuration/Fire             3
   f - Mephitic Cloud                 Conjuration/Poison/Air       3
 Y - a manual of Throwing
Comestibles
 f - 5 bread rations
 g - 4 meat rations
 U - 14 chunks of flesh
 W - 3 fruits


   Skills:
 + Level 6.1 Fighting
 - Level 16.2 Axes
 + Level 5.5 Armour
 - Level 3.2 Shields
 * Level 7.4 Invocations


You had 9 spell levels left.
You didn't know any spells.

Dungeon Overview and Level Annotations

Branches:
Dungeon (9/15)             Temple (0/1) D:7
   Lair: D:8-11         Orc: D:9-12

Altars:
Dithmenos
Nemelex Xobeh
Okawaru
Trog
Uskayaw
The Shining One

Shops:
D:7 [

Annotations:
D:9 Erica


Message History

Something hits you but does no damage.
You miss something.
You feel sick. Something hits you but does no damage.
You closely miss something.
You feel sick. You block something's attack.
You barely miss something.
You feel sick. Something hits you. Something burns you.
You barely miss something.
You feel sick. Something hits you.
You slash something!
You feel sick.
You hear some strange, mumbled words.
A bolt of poison appears from out of thin air!
The bolt of poison hits you!
You are more poisoned.
* * * LOW HITPOINT WARNING * * *
You hear some strange, mumbled words.
You feel as though you will be slow longer.
You slash something!
You feel sick. Something hits you.
* * * LOW HITPOINT WARNING * * *
Something burns you.
* * * LOW HITPOINT WARNING * * *
You closely miss something.
You feel sick. Something hits you!
You die...

+# #..........
#..........#
#######..........#
#................#
#................#
#######..........#
#..........#
#......<...#
#†.{@......#
.......#########
.......# #####..#
#..# #..# #..# #..


There were no monsters in sight!

Vanquished Creatures
  A two-headed ogre (D:8)
  Pikel (D:7)
  2 hippogriffs
  A wyvern (D:9)
  Eustachio (D:6)
  Menkaure (D:5)
  A hungry ghost (D:7)
  A water moccasin (D:9)
  Duvessa (D:6)
  An orc warrior (D:6)
  2 ice beasts (D:8)
  A slave (D:7)
  A phantom (D:7)
  3 ogres
  7 centaurs
  4 bullfrogs
  Blork the orc (D:6)
  Dowan (D:6)
  3 water moccasin zombies (Ossuary)
  A water moccasin skeleton (D:4)
  2 scorpions
  3 wights (D:9)
  A howler monkey (D:6)
  A crimson imp (D:7)
  A centaur zombie (D:6)
  2 quasits (D:8)
  2 jellies (D:8)
  2 orc priests
  A centaur skeleton (D:4)
  7 hounds
  4 orc wizards
  2 iguanas
  7 worker ants
  2 big kobold zombies (Ossuary)
  2 mummies (Ossuary)
  A worker ant zombie (D:5)
  9 adders
  4 gnolls (D:9)
  2 shadow imps (D:7)
  An ooze (D:7)
  2 adder zombies (Ossuary)
  2 adder skeletons
  3 worms
  2 dart slugs
  12 leopard geckos
  15 orcs
  A ball python (D:2)
  3 giant cockroaches
  8 goblins
  7 hobgoblins
  10 jackals
  4 quokkas
  6 bats
  6 frilled lizards
  8 hobgoblin zombies (Ossuary)
  12 kobolds
  A kobold zombie (Ossuary)
  4 orc zombies (Ossuary)
  2 quokka skeletons (D:8)
  10 rats
209 creatures vanquished.

Vanquished Creatures (others)
  2 adders (D:7)
  An orc (D:9)
3 creatures vanquished.

Grand Total: 212 creatures vanquished

Notes
Turn   | Place    | Note
-------+----------+-------------------------------------------
     0 | D:1      | JohnnyMnemonic the Hill Orc Fighter began the quest for the Orb.
     0 | D:1      | Reached XP level 1. HP: 19/19 MP: 1/1
    81 | D:1      | Reached skill level 3 in Axes
   167 | D:1      | Reached XP level 2. HP: 26/26 MP: 2/2
   244 | D:1      | Reached skill level 4 in Axes
   496 | D:1      | Reached XP level 3. HP: 30/31 MP: 3/3
   728 | D:2      | Reached skill level 5 in Axes
   986 | D:2      | Reached XP level 4. HP: 39/39 MP: 4/4
  1231 | D:2      | Reached skill level 6 in Axes
  1473 | D:3      | Found a glowing golden altar of the Shining One.
  1910 | D:3      | Reached XP level 5. HP: 34/45 MP: 5/5
  2071 | D:3      | Became a worshipper of Beogh the Brigand
  2393 | D:4      | Reached skill level 7 in Axes
  2718 | D:4      | Reached skill level 8 in Axes
  2718 | D:4      | Reached XP level 6. HP: 45/51 MP: 6/6
  3198 | D:4      | Reached skill level 9 in Axes
  3496 | D:5      | Entered Level 5 of the Dungeon
  3525 | D:5      | Reached XP level 7. HP: 54/57 MP: 7/7
  3748 | D:5      | Reached skill level 10 in Axes
  4372 | D:5      | Reached * piety under Beogh
  4411 | D:5      | Reached skill level 11 in Axes
  4662 | D:5      | Noticed Menkaure
  4673 | D:5      | Killed Menkaure
  4673 | D:5      | Reached XP level 8. HP: 41/64 MP: 8/8
  4882 | D:5      | Got an encrusted dagger
  4914 | D:5      | Identified the cursed +0 dagger "Beast's Foe" {drain, rElec Str+2} (You found it on level 5 of the Dungeon)
  5251 | D:5      | Reached skill level 12 in Axes
  5657 | D:6      | Noticed Blork the orc
  5673 | D:6      | Killed Blork the orc
  5987 | D:6      | Noticed Duvessa
  5988 | D:6      | Noticed Dowan
  5999 | D:6      | Killed Duvessa
  6006 | D:6      | Killed Dowan
  6006 | D:6      | Reached skill level 13 in Axes
  6428 | D:6      | Noticed a hippogriff
  6437 | D:6      | Killed a hippogriff
  6437 | D:6      | Reached skill level 14 in Axes
  6437 | D:6      | Reached XP level 9. HP: 48/70 MP: 9/9
  6925 | D:6      | Noticed Eustachio
  6942 | D:6      | Killed Eustachio
  6942 | D:6      | Reached skill level 15 in Axes
  7134 | D:7      | Found an iron altar of Okawaru.
  7134 | D:7      | Found a faded altar of an unknown god.
  7139 | D:7      | Found a bloodstained altar of Trog.
  7144 | D:7      | Found a faded altar of an unknown god.
  7146 | D:7      | Found a hide-covered altar of Uskayaw.
  7177 | D:7      | Noticed Pikel
  7192 | D:7      | Killed Pikel
  7231 | D:7      | Found a staircase to the Ecumenical Temple.
  7244 | D:7      | Reached skill level 16 in Axes
  7256 | D:7      | Reached ** piety under Beogh
  7584 | D:7      | Found Dingu's Antique Armour Shop.
  7658 | D:7      | Reached skill level 1 in Invocations
  7776 | D:7      | Found a shadowy altar of Dithmenos.
  8033 | D:7      | Reached XP level 10. HP: 44/79 MP: 10/12
  8229 | D:8      | Found a sand-covered staircase.
  8256 | Ossuary  | Entered an ossuary
  8806 | D:8      | Noticed a two-headed ogre
  8820 | D:8      | Killed a two-headed ogre
  8820 | D:8      | Reached skill level 5 in Fighting
  8820 | D:8      | Reached skill level 5 in Invocations
  9269 | D:8      | Found a sparkling altar of Nemelex Xobeh.
  9408 | D:8      | Reached skill level 5 in Armour
  9829 | D:9      | Reached *** piety under Beogh
 10256 | D:9      | Noticed Erica
 10285 | D:9      | Slain by Erica

Skill      XL: |  1  2  3  4  5  6  7  8  9 10 |
---------------+-------------------------------+-----
Axes           | 3 4 5 6 8 9 11 14 16 | 16.2
Invocations    | 3 7 |  7.4
Fighting       | 4 6 |  6.1
Armour         | 5 |  5.5
Shields        | |  3.2

Action                   |  1- 3 |  4- 6 |  7- 9 | 10-12 || total
-------------------------+-------+-------+-------+-------++-------
Melee: War axe           |   117 |   203 |   312 |   247 ||   879
Invok: Convert to Beogh  |       |     1 |       |       ||     1
       Smiting           |       |       |       |     3 ||     3
  Use: Scroll            |       |       |     9 |       ||     9
       Potion            |       |       |     3 |     2 ||     5
 Stab: Invisible         |       |       |       |     4 ||     4
  Eat: Chunk             |     1 |     7 |    11 |     7 ||    26
       Royal jelly       |       |       |     5 |     1 ||     6
Armor: Scale mail        |    70 |    92 |   111 |    85 ||   358
Dodge: Dodged            |    32 |    43 |    66 |    46 ||   187
Block: Shield            |    66 |    93 |   126 |    84 ||   369
